Map: Shrines of Lizul

Players

MonstroTown - Winner!

  • Race: Terran Terran
  • Spawn Location: 3:00

Michael - Winner!

  • Race: Zerg Zerg
  • League: Gold
  • Spawn Location: 12:00

HatterM

  • Race: Zerg Zerg
  • Spawn Location: 6:00

SaltyPork

  • Race: Terran Terran
  • League: Platinum
  • Spawn Location: 9:00

VOD

Have the link to the VOD?

Description

Time

  • Played on: Sept. 27, 2018, 9:22 p.m.
  • Length: 3:47
Show
View Real Time Build Order
Export as new Build Order

MonstroTown Terran - Winner!

Build Orders:  

Get SALT Encoding   

  12  0:00  SCV  
  13  0:13  SCV  
  14  0:18  Supply Depot  
  14  0:25  SCV  
  15  0:39  SCV  
  15  0:41  Barracks  
  16  0:51  SCV  
  16  0:56  Barracks  
  17  1:06  SCV  
  18  1:11  Barracks  
  18  1:24  Supply Depot  
  18  1:26  SCV  
  18  1:29  Marine  
  20  1:42  Barracks  
  20  1:45  Marine  
  21  1:55  Marine  
  21  1:59  Marine  
  23  2:05  Marine  
  24  2:09  Orbital Command  
  24  2:15  Supply Depot, Marine  
  25  2:22  Marine  
  26  2:26  Marine  
  26  2:33  Marine  
  27  2:38  Marine  
  27  2:40  Marine  
  29  2:48  Marine  
  30  3:01  Marine x2  
  30  3:02  Marine  
  33  3:06  Supply Depot  
  32  3:20  Marine x4  
Show
View Real Time Build Order
Export as new Build Order

Michael Zerg - Winner!

Build Orders: Pool First 

Get SALT Encoding   

  12  0:01  Drone  
  13  0:13  Overlord  
  13  0:18  Drone  
  14  0:31  Drone x2  
  14  0:35  Drone  
  17  0:37  Extractor  
  16  0:45  Drone  
  17  0:53  Spawning Pool  
  17  0:56  Drone  
  17  1:07  Drone  
  18  1:25  Hatchery  
  17  1:34  Drone  
  18  1:40  Queen  
  20  1:47  Metabolic Boost  
  20  1:50  Zergling x2  
  21  1:55  Zergling x2  
  22  2:02  Overlord  
  22  2:14  Roach Warren  
  21  2:19  Drone  
  21  2:21  Drone  
  23  2:30  Zergling x2  
  24  2:41  Zergling x4  
  26  2:49  Drone  
  26  2:50  Drone  
  28  3:00  Zergling x2  
  28  3:01  Zergling x6  
  32  3:10  Zergling x4  
  32  3:18  Zergling x2  
  32  3:23  Zergling x2  
Show
View Real Time Build Order
Export as new Build Order

HatterM Zerg 

Build Orders: Hatch First 

Get SALT Encoding   

  12  0:01  Drone  
  13  0:13  Overlord  
  13  0:18  Drone  
  14  0:31  Drone x2  
  16  0:36  Drone  
  17  0:58  Hatchery  
  17  1:02  Drone  
  17  1:03  Drone  
  18  1:06  Extractor  
  17  1:21  Spawning Pool  
  17  1:24  Drone  
  17  1:29  Drone x2  
  19  1:39  Overlord  
  19  2:02  Drone  
  19  2:08  Queen  
  22  2:10  Zergling x2  
  22  2:12  Zergling x2  
  24  2:25  Metabolic Boost  
  24  2:31  Drone  
  24  2:32  Drone x3  
  28  2:37  Zergling x2  
  28  2:42  Spine Crawler  
  28  2:43  Spine Crawler  
  26  2:45  Zergling x4  
  28  2:55  Queen  
  25  3:12  Zergling x8  
Show
View Real Time Build Order
Export as new Build Order

SaltyPork Terran 

Build Orders: Reaper Expand 

Get SALT Encoding   

  12  0:01  SCV  
  13  0:13  SCV  
  14  0:19  Supply Depot  
  14  0:25  SCV  
  15  0:41  SCV  
  16  0:43  Barracks  
  16  0:48  Refinery  
  16  0:53  SCV  
  17  1:05  SCV  
  18  1:17  SCV  
  19  1:30  Orbital Command  
  19  1:37  Reaper  
  20  1:46  Command Center  
  20  1:55  Barracks  
  20  1:56  SCV  
  21  2:06  Supply Depot  
  21  2:15  Barracks Reactor  
  21  2:18  SCV  
  22  2:30  SCV  
  22  2:35  Refinery  
  23  2:50  Marine  
  24  2:52  Factory  
  24  2:53  Marine  
  25  3:02  SCV  
  26  3:08  Marine  
  26  3:10  Marine x2  
  29  3:14  SCV  
  30  3:26  Marine  
  31  3:28  Marine  
Tags
 
Add a new tag
Caveats
  • Supply blocks, unpowered buildings, or Contaminate may cause inaccurate times.
  • Supply counts are checked every 10 seconds.